 Dungeon Crawl Stone Soup version 0.22.0-16-gc6d26f69f9 (webtiles) character file.

730 Kniotic the Cudgeler (level 7, 0/40 HPs)
             Began as a Gargoyle Gladiator on Aug 18, 2018.
             Slain by a wyvern (9 damage)
             ... on level 6 of the Dungeon.
             The game lasted 00:06:41 (4933 turns).

Kniotic the Cudgeler (Gargoyle Gladiator)           Turns: 4933, Time: 00:06:42

Health: 0/40       AC: 10    Str: 19    XL:     7   Next: 73%
Magic:  7/7        EV:  7    Int:  9    God:
Gold:   47         SH: 14    Dex: 11    Spells: 6/6 levels left

rFire    + . .     SeeInvis +   a - +0 flail
rCold    x . .     Gourm    .   t - +0 large shield
rNeg     + . .     Faith    .   I - +0 ring mail
rPois    ∞         Spirit   .   c - +0 helmet
rElec    +         Reflect  .   (no cloak)
rCorr    .         Harm     .   (no gloves)
MR       .....                  (no boots)
Stlth    +.........             u - amulet of the acrobat
HPRegen  0.13/turn              m - ring of fire
MPRegen  0.10/turn              y - ring of see invisible

@: no status effects
A: negative energy resistance 1, electricity resistance, unbreathing,
petrification resistance, rot immunity, AC +4
a: no special abilities


You were on level 6 of the Dungeon.
You were not hungry.

You visited 1 branch of the dungeon, and saw 6 of its levels.

You collected 131 gold pieces.
You spent 84 gold pieces at shops.

Inventory:

Hand Weapons
 a - a +0 flail (weapon)
Missiles
 d - 3 throwing nets (quivered)
Armour
 c - a +0 helmet (worn)
 t - a +0 large shield (worn)
 I - a +0 ring mail (worn)
Jewellery
 m - a ring of fire (left hand)
 u - an amulet of the acrobat (around neck)
 w - an uncursed ring of resist corrosion {unknown}
 y - a ring of see invisible (right hand)
Wands
 s - a wand of flame (28)
 E - a wand of acid (13)
 H - a wand of digging (7)
Scrolls
 g - 3 scrolls of remove curse {unknown}
 h - a scroll of fog {unknown}
 k - a scroll of immolation {unknown}
 l - 2 scrolls of identify
 n - a scroll of amnesia {unknown}
 o - a scroll of magic mapping {unknown}
 q - a scroll of blinking {unknown}
 z - 2 scrolls of noise {unknown}
 C - 3 scrolls of teleportation {unknown}
 G - a scroll of enchant armour {unknown}
Potions
 e - 2 potions of lignification
 i - 2 potions of agility
 j - a potion of mutation
 p - a potion of degeneration
 r - a potion of flight
 v - a potion of heal wounds
 x - a potion of invisibility {unknown}
 A - 2 potions of haste
 B - a potion of might {unknown}
 D - a potion of curing {unknown}
Comestibles
 f - 7 rations
 F - 6 chunks of flesh


   Skills:
 - Level 2.1 Fighting
 * Level 7.8 Maces & Flails
 - Level 1.7 Throwing
 - Level 2.4 Dodging
 + Level 4.2 Shields


You had 6 spell levels left.
You didn't know any spells.
Your spell library was empty.

Dungeon Overview and Level Annotations

Branches:
Dungeon (6/15)             Temple (0/1) D:5

Altars:
Elyvilon
Gozag
Nemelex Xobeh
Okawaru
Qazlal
Sif Muna
Xom

Shops:
D:2 *   D:4 [   D:5 ?*


Innate Abilities, Weirdness & Mutations

You are resistant to torment.
Your stone body is resilient. (AC +4)
You are immune to poison.
You resist negative energy. (rN+)
You are resistant to electric shocks. (rElec)
You can survive without breathing.
You are immune to petrification.
You are immune to rotting.


Message History

A wyvern is nearby!
A wyvern is nearby!
A hound comes into view.
The hound barks!
You hit the wyvern but do no damage. You block the wyvern's attack.
You hit the wyvern but do no damage. The wyvern bites you.
The wyvern bites you but does no damage.
You hit the wyvern.
The wyvern is lightly wounded.
The wyvern completely misses you.
You closely miss the wyvern.
The wyvern is lightly wounded.
You block the wyvern's attack. The hound bites you. The wyvern bites you.
You block the hound's attack.
You barely miss the wyvern.
The wyvern is lightly wounded.
The wyvern bites you! The hound bites you.
* * * LOW HITPOINT WARNING * * *
The wyvern bites you!
You die...

#.###..........##.#
#..............##.#
#####.............#
##.........####
##.#...#### ###...#
#...# #...# #.@.#
#.hl# .......
...........
........?......
#####.....#####
#.>...# #.....#


You could see a wyvern and a hound.

Vanquished Creatures
  Duvessa (D:5)
  An ice beast (D:4)
  2 ogres
  Dowan (D:5)
  A crimson imp (D:6)
  A hound (D:6)
  An iguana (D:4)
  2 worker ants
  2 adders (D:4)
  3 gnolls (D:4)
  A shadow imp (D:5)
  An ooze (D:1)
  2 adder skeletons
  3 worms
  2 dart slugs
  2 leopard geckos
  12 orcs
  4 ball pythons
  4 giant cockroaches
  7 goblins
  13 hobgoblins
  2 quokkas
  10 bats
  7 frilled lizards
  6 kobolds
  5 rats
96 creatures vanquished.

Vanquished Creatures (others)
  A giant cockroach (D:2)
1 creature vanquished.

Grand Total: 97 creatures vanquished

Notes
Turn   | Place    | Note
-------+----------+-------------------------------------------
     0 | D:1      | Kniotic the Gargoyle Gladiator began the quest for the Orb.
     0 | D:1      | Reached XP level 1. HP: 12/12 MP: 1/1
   216 | D:1      | Reached XP level 2. HP: 15/17 MP: 2/2
   514 | D:1      | Reached skill level 4 in Maces & Flails
   614 | D:1      | Reached XP level 3. HP: 21/21 MP: 3/3
  1327 | D:2      | Found a white marble altar of Elyvilon.
  1422 | D:2      | Found an opulent altar of Gozag.
  1424 | D:2      | Found Gozag's Platinum Reserve.
  1464 | D:2      | Found a deep blue altar of Sif Muna.
  1619 | D:2      | Reached XP level 4. HP: 25/26 MP: 4/4
  2088 | D:3      | Found an iron altar of Okawaru.
  2088 | D:3      | Found a shimmering altar of Xom.
  2100 | D:3      | Reached skill level 5 in Maces & Flails
  2101 | D:3      | Found a sparkling altar of Nemelex Xobeh.
  2961 | D:4      | You fall through a shaft for 2 floors!
  2970 | D:5      | Entered Level 5 of the Dungeon
  2970 | D:5      | Found Osauwe Voiqi's Distillery.
  3021 | D:4      | Reached skill level 1 in Shields
  3021 | D:4      | Reached XP level 5. HP: 19/30 MP: 5/5
  3406 | D:4      | Noticed an ogre
  3417 | D:4      | Killed an ogre
  3417 | D:4      | Reached skill level 6 in Maces & Flails
  3417 | D:4      | Reached XP level 6. HP: 29/35 MP: 6/6
  3533 | D:4      | Noticed an ice beast
  3545 | D:4      | Killed an ice beast
  3870 | D:4      | Found Joklul's Antique Armour Shoppe.
  4320 | D:5      | Found Ohifeax's Magic Scroll Shop.
  4330 | D:5      | Bought a scroll of identify for 28 gold pieces
  4335 | D:5      | Bought a scroll of identify for 28 gold pieces
  4335 | D:5      | Bought a scroll of identify for 28 gold pieces
  4390 | D:5      | Found a staircase to the Ecumenical Temple.
  4401 | D:5      | Found a stormy altar of Qazlal.
  4405 | D:5      | Noticed Dowan
  4408 | D:5      | Noticed Duvessa
  4618 | D:5      | Found Tunujima's General Store.
  4652 | D:5      | Reached skill level 7 in Maces & Flails
  4652 | D:5      | Reached XP level 7. HP: 40/40 MP: 7/7
  4708 | D:5      | Killed Duvessa
  4723 | D:5      | Killed Dowan
  4927 | D:6      | Noticed a wyvern
  4933 | D:6      | Slain by a wyvern

Skill      XL: |  1  2  3  4  5  6  7 |
---------------+----------------------+-----
Maces & Flails | 4 5 6 7 |  7.8
Shields        | 1 2 3 4 |  4.2
Fighting       | |  2.1
Throwing       | |  1.7
Dodging        | |  2.4

Action                   |  1- 3 |  4- 6 |  7- 9 || total
-------------------------+-------+-------+-------++-------
Melee: Flail             |   158 |   215 |    81 ||   454
  Use: Scroll            |       |     7 |       ||     7
  Eat: Chunk             |     3 |     9 |     2 ||    14
Armor: Leather armour    |    77 |    53 |    10 ||   140
       Ring mail         |       |       |    17 ||    17
Dodge: Dodged            |   125 |    61 |    12 ||   198
Block: Large shield      |       |   134 |    49 ||   183
